 Dungeon Crawl Stone Soup version 0.18.1-5-g4a78601 (webtiles) character file.

3305 inmateoo the Grappler (level 9, -2/83 (84) HPs)
             Began as a Troll Arcane Marksman on May 14, 2016.
             Was a High Priest of Zin.
             Splashed by a jelly's acid (6 damage)
             ... on level 8 of the Dungeon.
             The game lasted 00:10:52 (6488 turns).

inmateoo the Grappler (Troll Arcane Marksman)       Turns: 6488, Time: 00:10:53

HP:   -2/83 (84)    AC: -6    Str: 24    XL:     9   Next: 70%
MP:   9/9           EV: 11    Int: 10    God:    Zin [*****.]
Gold: 573           SH:  0    Dex: 13    Spells: 1 memorised, 9 levels left

rFire  . . .     SeeInvis .       - Unarmed
rCold  . . .     Gourm    +     a - +0 robe
rNeg   . . .     Faith    .     (no shield)
rPois  ∞         Spirit   .     (helmet restricted)
rElec  .         Dismiss  .     w - +0 cloak
rCorr  .         Reflect  .     (gloves unavailable)
SustAt .         Harm     .     (boots unavailable)
MR     .....                    (no amulet)
Stlth  ..........               z - ring of loudness (curse)
                                m - +2 ring of dexterity

@: vitalised, corroded, not resistant to hostile enchantments, extremely
unstealthy
A: unfitting armour, claws 3, fast metabolism 3, gourmand, regeneration 2,
shaggy fur 1, tough skin 2
a: Recite, Vitalisation, Imprison, Sanctuary, Donate Gold, Renounce Religion


You were on level 8 of the Dungeon.
You worshipped Zin.
Zin was extremely pleased with you.
You were hungry.

You visited 1 branch of the dungeon, and saw 8 of its levels.

You collected 636 gold pieces.
You donated 63 gold pieces to Zin.

Inventory:

Missiles
 c - 3 large rocks
 v - 5 throwing nets (quivered)
Armour
 a - a +0 robe (worn)
 w - a +0 cloak (worn)
Jewellery
 m - a +2 ring of dexterity (left claw)
 z - a cursed ring of loudness (right claw)
Wands
 o - a wand of digging (8/24)
 p - a wand of hasting (8/9)
Scrolls
 d - 2 scrolls of teleportation
 i - 2 scrolls of fog
 j - 2 scrolls of recharging
 k - 2 scrolls of magic mapping
 u - 2 scrolls of fear
 x - a scroll of identify
 y - 4 scrolls of amnesia
 A - a scroll of enchant armour {unknown}
Potions
 e - a potion of magic
 h - 2 potions of might
 n - 3 potions of haste
 q - 3 potions of ambrosia
 r - a potion of cancellation
 s - a potion of agility
 t - 3 potions of heal wounds
 B - a potion of lignification {unknown}
Books
 b - a book of Debilitation

   Spells                             Type                      Level
   a - Corona                         Hexes                        1
   b - Slow                           Hexes                        2
   c - Gell's Gravitas                Hexes/Translocation          3
   d - Inner Flame                    Hexes/Fire                   3
   e - Cause Fear                     Hexes                        4
   f - Leda's Liquefaction            Hexes/Earth                  4
Comestibles
 f - 9 bread rations
 g - 6 meat rations
 l - 2 royal jellies


   Skills:
 + Level 4.2 Fighting
 - Level 1.7 Throwing
 + Level 4.3 Dodging
 * Level 11.5 Unarmed Combat
 - Level 1.0 Spellcasting
 - Level 2.0 Hexes


You had 9 spell levels left.
You knew the following spells:

 Your Spells              Type           Power        Failure   Level  Hunger
a - Corona                Hex            #......      17%         1    ##.....


Dungeon Overview and Level Annotations

Branches:
Dungeon (8/15)             Temple (0/1) D:6            Lair (0/8) D:8

Altars:
Elyvilon
Fedhas
Gozag
Nemelex Xobeh
Sif Muna
Yredelemnul
Zin

Shops:
D:5 ([%


Innate Abilities, Weirdness & Mutations

You are too large for most types of armour.
You have claws for hands.
Your metabolism is lightning-fast.
You like to eat raw meat.
You heal very quickly.
You are covered in fur (AC +1).
You have very tough skin (AC +2).


Message History

* * * LOW HITPOINT WARNING * * *
You are too injured to fight recklessly!
You are too injured to fight recklessly!
You are too injured to fight recklessly!
You scratch the jelly. The acid corrodes you!
Your claws burn!
* * * LOW HITPOINT WARNING * * *
The jelly is lightly wounded.
You completely miss the jelly.
The jelly is lightly wounded.
The jelly hits you.
* * * LOW HITPOINT WARNING * * *
You are splashed with acid!
The acid corrodes you!
The acid burns!
* * * LOW HITPOINT WARNING * * *
You claw the jelly!
Your claws burn!
* * * LOW HITPOINT WARNING * * *
The jelly is almost dead.
The jelly hits you.
* * * LOW HITPOINT WARNING * * *
You are splashed with acid!
The acid burns!
You die...

....._............
.##....##..###...
.##...###..###.#### .
...........#....... ..
.##.######.#....###.#..
......................
.##........#...)###.#
.##.##########)###..####
###.# #.)@J...... # #.#
#.........# # #.#
#....o....# ###.#
#.......... ..#.#
#.......... #.#.#
#.......... ..#†#
#....>..... #.#.#
##........$# #.#.######
#.........


You could see a jelly and an orc wizard.

Vanquished Creatures
  A hill giant (D:5)
  2 basilisks (D:8)
  A necrophage (D:8)
  A phantom (D:7)
  3 ogres
  3 crocodiles
  2 centaurs (D:7)
  4 big kobolds
  2 giant frogs
  4 water moccasin skeletons
  3 crimson imps
  4 hounds
  A jelly (D:5)
  6 orc wizards
  3 orc priests
  A gnoll shaman (D:7)
  An iguana (D:6)
  Natasha (thrice) (D:2)
  5 worker ants
  A hound skeleton (D:4)
  Robin (D:2)
  8 gnolls (D:7)
  11 adders
  2 shadow imps (D:7)
  An ooze (D:2)
  2 adder skeletons
  4 worms
  A giant gecko (D:1)
  16 orcs
  3 ball pythons
  3 giant cockroaches
  19 goblins
  16 hobgoblins
  14 jackals
  3 quokkas
  A ball python skeleton (D:4)
  6 bats
  A giant gecko skeleton (D:7)
  4 giant newts
  16 kobolds
  A quokka zombie (D:7)
  12 rats
196 creatures vanquished.

Notes
Turn   | Place    | Note
--------------------------------------------------------------
     0 | D:1      | inmateoo the Troll Arcane Marksman began the quest for the Orb.
     0 | D:1      | Reached XP level 1. HP: 18/18 MP: 1/1
   163 | D:1      | Reached skill level 1 in Unarmed Combat
   347 | D:1      | Reached XP level 2. HP: 26/26 MP: 2/2
   548 | D:1      | Reached skill level 2 in Unarmed Combat
   779 | D:2      | Reached XP level 3. HP: 32/32 MP: 3/3
   977 | D:2      | Reached skill level 3 in Unarmed Combat
  1137 | D:2      | Reached XP level 4. HP: 25/40 MP: 4/4
  1236 | D:2      | Noticed Robin
  1280 | D:2      | Killed Robin
  1280 | D:2      | Reached skill level 4 in Unarmed Combat
  1450 | D:2      | Noticed Natasha
  1456 | D:2      | Killed Natasha
  1456 | D:2      | Reached XP level 5. HP: 21/46 MP: 5/5
  1566 | D:2      | Noticed Natasha
  1575 | D:2      | Killed Natasha
  1575 | D:2      | Reached skill level 5 in Unarmed Combat
  1721 | D:2      | Noticed Natasha
  1726 | D:2      | Killed Natasha
  2066 | D:3      | Found a white marble altar of Elyvilon.
  2151 | D:3      | Found a basalt altar of Yredelemnul.
  2268 | D:3      | Found a blossoming altar of Fedhas.
  2465 | D:3      | Found a glowing silver altar of Zin.
  2465 | D:3      | Found a sparkling altar of Nemelex Xobeh.
  2626 | D:3      | Became a worshipper of Zin the Law-Giver
  2626 | D:3      | Reached * piety under Zin
  2798 | D:4      | Reached XP level 6. HP: 49/54 MP: 6/6
  2909 | D:4      | Reached skill level 6 in Unarmed Combat
  2931 | D:4      | Reached ** piety under Zin
  3185 | D:5      | Entered Level 5 of the Dungeon
  3272 | D:5      | Found Ukhoh's Antique Armour Emporium.
  3377 | D:5      | Found Botif's Food Emporium.
  3414 | D:5      | Noticed a hill giant
  3597 | D:5      | Killed a hill giant
  3597 | D:5      | Reached skill level 8 in Unarmed Combat
  3597 | D:5      | Reached XP level 7. HP: 24/61 MP: 7/7
  3897 | D:5      | Found Afrinkyri's Antique Weapon Emporium.
  3974 | D:5      | Reached *** piety under Zin
  4277 | D:6      | Found a staircase to the Ecumenical Temple.
  4298 | D:6      | Reached skill level 9 in Unarmed Combat
  4298 | D:6      | Reached XP level 8. HP: 68/68 MP: 8/8
  4336 | D:6      | Reached skill level 1 in Fighting
  5089 | D:7      | Reached **** piety under Zin
  5115 | D:7      | Found a deep blue altar of Sif Muna.
  5159 | D:7      | Reached skill level 10 in Unarmed Combat
  5180 | D:7      | HP: 2/72 [centaur/arrow (12)]
  5489 | D:7      | Reached XP level 9. HP: 68/80 MP: 9/9
  5811 | D:7      | Reached ***** piety under Zin
  6076 | D:7      | Reached skill level 11 in Unarmed Combat
  6339 | D:8      | Found an opulent altar of Gozag.
  6407 | D:8      | Found a staircase to the Lair.
  6488 | D:8      | HP: 4/83 [jelly (1)]
  6488 | D:8      | Splashed by a jelly's acid

Skill      XL: |  1  2  3  4  5  6  7  8  9 |
---------------+----------------------------+-----
Unarmed Combat | 1 2 3 4 5 8 9 10 11 | 11.5
Fighting       | 2 4 |  4.2
Dodging        | 3 4 |  4.3
Throwing       | |  1.7
Spellcasting   | |  1.0
Hexes          | |  2.0

Action                   |  1- 3 |  4- 6 |  7- 9 || total
-------------------------+-------+-------+-------++-------
Melee: Unarmed           |   110 |   160 |   285 ||   555
       Punch             |       |     6 |     9 ||    15
Throw: Large rock        |       |     4 |       ||     4
       Throwing net      |       |     2 |       ||     2
Invok: Recite            |       |       |     1 ||     1
       Vitalisation      |       |       |     1 ||     1
Evoke: Wand              |       |     1 |       ||     1
  Use: Scroll            |       |    16 |     5 ||    21
       Potion            |       |       |     1 ||     1
 Stab: Sleeping          |     2 |       |       ||     2
  Eat: Chunk             |    14 |    17 |    25 ||    56
Armor: Robe              |    51 |    56 |    75 ||   182
Dodge: Dodged            |    59 |    63 |   133 ||   255
